 Dungeon Crawl Stone Soup version 0.31-a0-16-g6d2539766c (webtiles) character file.

Game seed: 5083315685328606284

816 dracfodder the Digger (level 7, -4/37 HPs)
             Began as a Gargoyle Earth Elementalist on May 7, 2023.
             Slain by an iguana (9 damage)
             ... on level 5 of the Dungeon on May 8, 2023.
             The game lasted 00:23:15 (4730 turns).

dracfodder the Digger (Gargoyle Earth Elementalist) Turns: 4730, Time: 00:23:16

Health: -4/37      AC:  6    Str: 12    XL:     7   Next: 94%
Magic:  1/15       EV: 12    Int: 17    God:
Gold:   279        SH:  0    Dex: 10    Spells: 5/17 levels left

rFire   . . .        e - +0 quarterstaff
rCold   . . .        (shield currently unavailable)
rNeg    + . .        a - +0 robe
rPois   ∞            (no helmet)
rElec   +            (no cloak)
rCorr   .            (no gloves)
SInv    .            (no boots)
Will    .....        (no amulet)
Stlth   ++           (no ring)
HPRegen 0.26/turn    (no ring)
MPRegen 0.14/turn

%: no passive effects
@: no status effects
A: sickness immunity, AC +4, negative energy resistance 1, electricity
resistance, torment resistance 1, petrification resistance
a: no special abilities


You were on level 5 of the Dungeon.
You visited 1 branch of the dungeon, and saw 5 of its levels.
You also visited: Sewer.

You collected 279 gold pieces.

Inventory:

Hand Weapons
 e - a +0 quarterstaff (weapon)
 s - a +0 sling
Missiles
 f - 9 boomerangs
Armour
 a - a +0 robe (worn)
 p - a +2 hat
Jewellery
 q - a +5 ring of evasion
 r - a ring of positive energy
Wands
 t - a wand of mindburst (2)
Scrolls
 c - a scroll of poison {unknown}
 d - 2 scrolls of blinking
 j - 3 scrolls of identify
 l - a scroll of fog
 n - a scroll of teleportation
 o - 2 scrolls of enchant armour
Potions
 b - a potion of magic
 g - 2 potions of heal wounds {unknown}
 h - 2 potions of brilliance {unknown}
 i - 2 potions of invisibility {unknown}
 k - a potion of flight {unknown}
 m - a potion of lignification {unknown}
 u - a potion of attraction {unknown}


   Skills:
 + Level 0.5 Fighting
 + Level 0.2 Throwing
 + Level 2.0 Dodging
 + Level 3.1 Stealth
 + Level 5.5 Spellcasting
 + Level 0.7 Transmutations
 + Level 7.7 Earth Magic
 + Level 0.3 Evocations


You had 5 spell levels left.
You knew the following spells:

 Your Spells              Type           Power      Damage    Failure   Level
a - Sandblast             Erth           62%        2d14      1%          1
b - Passwall              Tmut/Erth      15%        N/A       3%          2
c - Stone Arrow           Conj/Erth      34%        3d9       9%          3
d - Scorch                Fire           10%        2d5       21%         2
e - Flame Wave            Conj/Fire      4%         2d5       78%         4

Your spell library contained the following spells:

 Spells                   Type           Power      Damage    Failure   Level
 Beastly Appendage        Tmut           14%        N/A       10%         1
 Wereblood                Tmut           7%         N/A       16%         2
 Petrify                  Tmut/Erth      19%        N/A       24%         4
 Spider Form              Tmut/Pois      5%         N/A       34%         3
 Summon Forest            Summ/Tloc      2%         N/A       98%         5
 Summon Mana Viper        Hex/Summ       4%         N/A       98%         5
 Summon Cactus Giant      Summ           2%         N/A       100%        6


Dungeon Overview and Level Annotations

Branches:
Dungeon (5/15)              Sewer (visited)
 Temple: D:4-7

Altars:
Cheibriados
Gozag
Makhleb
Ru
Trog
Xom

Shops:
D:5 *


Innate Abilities, Weirdness & Mutations

You are immune to sickness and miasma.
Your stone body is resilient. (AC +4)
You are immune to poison.
You resist negative energy. (rN+)
You are resistant to electric shocks. (rElec)
You are resistant to unholy torment.
You are immune to petrification.


Message History

Things that are here:
a scorpion corpse; an iguana corpse
Aiming: Sandblast (safe; 1% risk of failure)
Press: ? - help, Q - select action, (/) - cycle Shift-Dir - straight line, f - jackal
Aim: a jackal (80% to hit)
The blast of sand misses the jackal.
The blast of sand hits the iguana!
The iguana is heavily wounded.
The jackal barely misses you. x3
Your magical contamination has completely faded away.
Aiming: Sandblast (safe; 1% risk of failure)
Press: ? - help, Q - select action, (/) - cycle Shift-Dir - straight line, f/p - jackal
Aim: a jackal (80% to hit)
The blast of sand hits the jackal!
You kill the jackal!
A jackal comes into view.
An iguana comes into view.
The iguana bites you.
You barely miss the iguana.
The iguana is heavily wounded.
The iguana barely misses you.
You sock the iguana!
The iguana is almost dead.
The iguana bites you.
You barely miss the iguana.
The iguana is almost dead.
The iguana bites you!
You hit the iguana.
You kill the iguana!
The jackal bites you.
Aiming: Sandblast (safe; 1% risk of failure)
Press: ? - help, Q - select action, (/) - cycle Shift-Dir - straight line, f - iguana
Aim: an iguana (86% to hit)
The blast of sand hits the jackal!
You kill the jackal!
You hit the iguana but do no damage. The iguana barely misses you.
The iguana misses you.
You completely miss the iguana. The iguana bites you!
* * * LOW HITPOINT WARNING * * *
You hit the iguana but do no damage. The iguana closely misses you.
You hit the iguana but do no damage. The iguana bites you!
You die...

#.......## ####..........###
#.......# #.............
#.......# ##......##...#
#.......# #.......+.....
#.#+#...# #####......#...##
#.#.#...# ##8###...####...#. #
#.#.#)..# #...#......##.....
.....#.#...###...#).....##.#+#.
....##.#...∩.l@..#......##...##
#....#...###†..#......##....+
#......# #...#......+.....#
####..#...# ##8##......####...
......#...# ####......#......
...........# #......#...###
........†..# #######..##
..........c# .. ########...# #.


You could see an iguana.

Vanquished Creatures
  A centaur (D:5)
  3 bullfrogs
  3 scorpions (D:5)
  A hound (D:5)
  A sleepcap (D:4)
  Jessica (D:2)
  3 iguanas
  3 river rats (D:5)
  5 adders
  A shadow imp (D:5)
  A worm (D:2)
  2 dart slugs
  5 orcs
  6 bats
  15 endoplasms
  11 giant cockroaches
  8 hobgoblins
  7 jackals
  10 quokkas
  11 ball pythons
  10 frilled lizards
  5 goblins
  7 kobolds
  7 rats
127 creatures vanquished.

Notes
Turn   | Place    | Note
-------+----------+-------------------------------------------
     0 | D:1      | dracfodder the Gargoyle Earth Elementalist began the quest
                  | for the Orb.
     0 | D:1      | Reached XP level 1. HP: 10/10 MP: 3/3
   444 | D:1      | Reached XP level 2. HP: 15/15 MP: 3/5
   447 | D:1      | Learned a level 2 spell: Passwall
   562 | D:1      | Reached skill level 4 in Earth Magic
  1070 | D:1      | Reached XP level 3. HP: 19/19 MP: 4/6
  1271 | D:2      | Noticed Jessica
  1273 | D:2      | Killed Jessica
  1274 | D:2      | Reached XP level 4. HP: 24/24 MP: 5/8
  1385 | D:2      | Found a shimmering altar of Xom.
  1910 | D:3      | Learned a level 3 spell: Stone Arrow
  2232 | D:3      | Reached skill level 5 in Earth Magic
  2342 | D:3      | Found a snail-covered altar of Cheibriados.
  2409 | D:3      | Found a bloodstained altar of Trog.
  2687 | D:3      | Found a sacrificial altar of Ru.
  3084 | D:4      | Noticed a bullfrog
  3089 | D:4      | Killed a bullfrog
  3090 | D:4      | Reached XP level 5. HP: 28/28 MP: 6/10
  3261 | D:4      | Found a burning altar of Makhleb.
  3353 | D:4      | Found an opulent altar of Gozag.
  3376 | D:4      | Reached skill level 6 in Earth Magic
  3425 | D:4      | Upgraded the game from 0.31-a0-14-gc80a10f4b6 to
                  | 0.31-a0-16-g6d2539766c
  3459 | D:4      | Reached XP level 6. HP: 32/32 MP: 9/11
  3581 | D:4      | Learned a level 2 spell: Scorch
  3586 | D:4      | Learned a level 4 spell: Flame Wave
  3831 | D:5      | Entered Level 5 of the Dungeon
  4003 | D:5      | Found Modotent's Gadget Gallery.
  4073 | D:5      | Found a glowing drain.
  4105 | Sewer    | Entered a sewer
  4413 | Sewer    | Reached XP level 7. HP: 35/37 MP: 4/14
  4567 | D:5      | Reached skill level 5 in Spellcasting
  4697 | D:5      | Reached skill level 7 in Earth Magic
  4730 | D:5      | Slain by an iguana

Illustrated notes

Levels and vault maps discovered:
D:1:      grunt_arrival_crossed_arrows, layout_loops_corners, serial_aquarium,
          aquarium_bridge_island_small [aquarium_subvault_small_open,
          aquarium_subvault_bridge, aquarium_subvault_window,
          aquarium_subvault_window, aquarium_subvault_wall], aquarium_window_2,
          aquarium_window_1, aquarium_window_fake, aquarium_view_4
D:2:      layout_basic, basic_altar, uniq_jessica
D:3:      layout_loops_ring, mainiacjoe_overflow_catwalk,
          mainiacjoe_overflow_swirl
D:4:      layout_gridville, mainiacjoe_overflow_cross_hatched,
          lemuel_crystal_altar, st_stairs_9, kennysheep_generic_room_4
D:5:      layout_basic, kiku_gazebo_garden_becter, portal_sewer_entry_b,
          chequers_ossuary_entry_cave, nicolae_shop_gadgets

Skill      XL: |  1  2  3  4  5  6  7 |
---------------+----------------------+-----
Earth Magic    | 4 5 6 7 |  7.7
Spellcasting   | 3 4 5 |  5.5
Stealth        | 3 |  3.1
Dodging        | 2 |  2.0
Fighting       | |  0.5
Throwing       | |  0.2
Transmutations | |  0.7
Evocations     | |  0.3

Action                     |  1- 3 |  4- 6 |  7- 9 || total
---------------------------+-------+-------+-------++-------
  Melee: Quarterstaff      |       |     1 |     8 ||     9
  Throw: Boomerang         |       |     3 |       ||     3
   Cast: Sandblast         |    34 |   128 |    23 ||   185
         Stone Arrow       |       |     2 |       ||     2
         Scorch            |       |     1 |     1 ||     2
  Evoke: Wand              |       |     5 |       ||     5
    Use: Scroll            |       |     6 |       ||     6
   Stab: Sleeping          |       |     1 |       ||     1
 Armour: Robe              |     2 |    22 |     7 ||    31
  Dodge: Dodged            |     1 |    37 |    22 ||    60

Table legend: (Time is in decaauts)
 A = Elapsed time spent in this place.
 B = Non-inter-level travel time spent in this place.
 C = Inter-level travel time spent in this place.
 D = Time resting spent in this place.
 E = Time spent auto-exploring this place.
 F = Levels seen in this place.
 G = Mean time per level.
                   A        B        C        D        E       F      G
               +--------+--------+--------+--------+--------+-----+--------+
         Total |   4887 |   4798 |     89 |    296 |   3497 |   6 |  814.5 |
       Dungeon |   4392 |   4303 |     89 |    238 |   3344 |   5 |  878.4 |
         Sewer |    495 |    495 |      0 |     58 |    153 |   1 |  495.0 |
               +--------+--------+--------+--------+--------+-----+--------+

Top non-repeatable levels by time:
     D:1: 1177 daAuts
     D:4: 1051 daAuts
     D:3: 907 daAuts
     D:2: 744 daAuts
     D:5: 511 daAuts
   Sewer: 495 daAuts
